 Dungeon Crawl Stone Soup version 0.28.0-47-ge53b351184 (webtiles) character file.

Game seed: 3892888810161021629

32 issech the Skirmisher (level 3, -1/35 (36) HPs)
             Began as a Troll Fighter on Apr 27, 2022.
             Slain by Crazy Yiuf
             ... wielding a +3 quarterstaff of chaos
              (11 damage)
             ... while paralysed by Crazy Yiuf
             ... on level 2 of the Dungeon.
             The game lasted 00:04:13 (1048 turns).

issech the Skirmisher (Troll Fighter)               Turns: 1048, Time: 00:04:13

HP:   -1/35 (36)    AC:  4    Str: 24    XL:     3   Next: 8%
MP:   2/2           EV:  1    Int:  4    God:
Gold: 105           SH:  0    Dex: 11    Spells: 2/2 levels left

rFire   . . .      SeeInvis .   a - +0 flail
rCold   . . .      Faith    .   c - +0 kite shield
rNeg    . . .      Spirit   .   b - +0 robe
rPois   .          Reflect  .   (helmet restricted)
rElec   .          Harm     .   (no cloak)
rCorr   .          Rampage  .   (gloves unavailable)
Will    .....                   (boots unavailable)
Stlth   +.........              (no amulet)
HPRegen 0.91/turn               (no ring)
MPRegen 0.08/turn               (no ring)

@: paralysed, hasted (expiring), lightly drained
A: large, unfitting armour, claws 3, regeneration 1, shaggy fur 1, tough skin 1
a: no special abilities


You were on level 2 of the Dungeon.
You visited 1 branch of the dungeon, and saw 2 of its levels.

You collected 105 gold pieces.

Inventory:

Hand Weapons
 a - a +0 flail (weapon)
 e - a +0 mace
 j - a +2 dagger of speed
 m - a +1 vampiric dagger
Missiles
 k - a throwing net
 n - 16 stones (quivered)
Armour
 b - a +0 robe (worn)
 c - a +0 kite shield (worn)
Scrolls
 f - a scroll of enchant armour {unknown}
 g - a scroll of summoning {unknown}
 l - a scroll of identify {unknown}
Potions
 d - a potion of might
 h - 2 potions of curing {unknown}
 i - 2 potions of haste {unknown}


   Skills:
 + Level 2.8 Fighting
 + Level 2.1 Maces & Flails
 + Level 0.1 Throwing
 + Level 2.7 Dodging
 + Level 2.6 Shields


You had 2 spell levels left.
You didn't know any spells.
Your spell library was empty.

Dungeon Overview and Level Annotations

Branches:
Dungeon (2/15)

Altars:

Annotations:
D:2 Crazy Yiuf


Innate Abilities, Weirdness & Mutations

You are too large for most types of armour.
You have claws for hands.
Your natural rate of healing is unusually fast.
You are covered in fur. (AC +1)
You have tough skin. (AC +1)


Message History

Crazy Yiuf hits you with a +3 quarterstaff of chaos!
Crazy Yiuf freezes you.
Crazy Yiuf cries, "Scoff horse mumblescurry!"
You see here a +0 club.
Found a chain mail.
Found a viscous inky potion.
Found 12 gold pieces.
Crazy Yiuf screams, "Mama tired senile!"
Found 2 atropa-tipped darts.
You throw a stone. The stone hits Crazy Yiuf.
Crazy Yiuf is lightly wounded.
You throw a stone.
The stone hits Crazy Yiuf but does no damage.
Crazy Yiuf is lightly wounded.
You throw a stone.
The stone hits Crazy Yiuf but does no damage.
Crazy Yiuf is lightly wounded.
Crazy Yiuf says, "Spliff!
Mama turtle sanguine."
You throw a stone.
The stone hits Crazy Yiuf but does no damage.
Crazy Yiuf is lightly wounded.
Crazy Yiuf says, "Millenium testudinal green!"
You throw a stone.
The stone hits Crazy Yiuf but does no damage.
Crazy Yiuf is lightly wounded.
You throw a stone. The stone hits Crazy Yiuf.
Crazy Yiuf is lightly wounded.
You throw a stone. The stone barely misses Crazy Yiuf.
You thump Crazy Yiuf!
Crazy Yiuf is severely wounded.
Your extra speed is starting to run out.
Crazy Yiuf hits you with a +3 quarterstaff of chaos!
You suddenly lose the ability to move!
Crazy Yiuf hits you with a +3 quarterstaff of chaos.
Crazy Yiuf freezes you.
Crazy Yiuf hits you with a +3 quarterstaff of chaos!
Crazy Yiuf burns you.
* * * LOW HITPOINT WARNING * * *
Crazy Yiuf hits you with a +3 quarterstaff of chaos!
You die...

.(#. #.#. #..+#
#..# #.########
##.....@..# .#
##.....g##.#. ..
#!....(......#
#.##...(..$..###
#.....(......#
####.(.......#
##(#...####
#(#...# ####
#.#...#


You could see Crazy Yiuf.

Vanquished Creatures
  3 endoplasms (D:1)
  A giant cockroach (D:1)
  5 goblins
  2 hobgoblins (D:1)
  3 quokkas
  4 ball pythons (D:1)
  2 bats (D:1)
  A frilled lizard (D:1)
  5 kobolds (D:1)
  2 rats (D:1)
28 creatures vanquished.

Vanquished Creatures (others)
  A fungus (D:2)
1 creature vanquished.

Grand Total: 29 creatures vanquished

Notes
Turn   | Place    | Note
-------+----------+-------------------------------------------
     0 | D:1      | issech the Troll Fighter began the quest for the Orb.
     0 | D:1      | Reached XP level 1. HP: 22/22 MP: 0/0
   293 | D:1      | Reached XP level 2. HP: 29/29 MP: 1/1
   880 | D:2      | Reached XP level 3. HP: 36/36 MP: 2/2
   989 | D:2      | Found a runed translucent door.
   990 | D:2      | Noticed Crazy Yiuf
  1045 | D:2      | Paralysed by Crazy Yiuf for 6 turns
  1048 | D:2      | Slain by Crazy Yiuf

Illustrated notes

Levels and vault maps discovered:
D:1:      dpeg_arrival_tiny_b, layout_basic, glass_columns_c,
          minmay_split_cup_small
D:2:      layout_loops_corners, minmay_cut_off, uniq_crazy_yiuf_cottage

Skill      XL: |  1  2 |
---------------+-------+-----
Maces & Flails | 2 |  2.1
Fighting       | |  2.8
Throwing       | |  0.1
Dodging        | |  2.7
Shields        | |  2.6

Action                   || total
-------------------------++-------
Melee: Flail             ||    91
Throw: Throwing net      ||     1
       Stone             ||     7
 Stab: Held in net/web   ||     1
Armor: Robe              ||    31
Dodge: Dodged            ||    25
Block: Kite shield       ||    30
